 Dungeon Crawl Stone Soup version 0.17.0-28-g6e173f8 (webtiles) character file.

448 xeno23 the Gusty (level 6, -4/45 HPs)
             Began as a Demigod Air Elementalist on Nov 27, 2015.
             Slain by Duvessa
             ... wielding a +0 short sword
              (11 damage)
             ... on level 4 of the Dungeon.
             The game lasted 00:16:10 (3207 turns).

xeno23 the Gusty (Demigod Air Elementalist)         Turns: 3207, Time: 00:16:10

Health: -4/45      AC:  7    Str: 13    XL:     6   Next: 45%
Magic:  14/14      EV: 12    Int: 21    God:
Gold:   178        SH:  0    Dex: 16    Spells: 4 memorised, 4 levels left

rFire  + + .     SeeInvis .     q - +0 blowgun
rCold  . . .     Clarity  +     D - +1 robe {rF+}
rNeg   . . .     SustAt   +     (no shield)
rPois  .         Gourm    .     (no helmet)
rElec  .         Spirit   .     o - +2 cloak {MR+}
rCorr  .         Warding  .     g - +0 pair of gloves
rMut   .         Stasis   .     (no boots)
MR     +....                    A - amulet of clarity
Stlth  ++........               (no ring)
                                a - ring of protection from fire

@: sluggish, repel missiles, very slow, somewhat resistant to hostile
enchantments, unstealthy
A: high mp 1, sustain attributes
a: no special abilities


You were on level 4 of the Dungeon.
You were not hungry.

You visited 1 branch of the dungeon, and saw 4 of its levels.

You collected 178 gold pieces.

Inventory:

Hand Weapons
 e - a +0 long sword
 q - a +0 blowgun (weapon)
Missiles
 y - 28 poisoned needles (quivered)
Armour
 g - a +0 pair of gloves (worn)
 o - a +2 cloak of magic resistance (worn)
 D - a +1 robe of fire resistance (worn)
Jewellery
 a - a ring of protection from fire (left hand)
 A - an amulet of clarity (around neck)
Scrolls
 d - a scroll of identify
 l - 2 scrolls of enchant weapon
 n - a scroll of immolation {unknown}
 t - a scroll of recharging
 u - a scroll of blinking {unknown}
 x - a scroll of amnesia
 B - a scroll of fog {unknown}
Potions
 i - a potion of lignification {unknown}
 k - a potion of curing {unknown}
 m - a potion of heal wounds {unknown}
 p - a potion of degeneration {unknown}
 s - a potion of resistance {unknown}
 z - a potion of berserk rage {unknown}
 C - a potion of cancellation {unknown}
 E - a potion of haste {unknown}
 F - a potion of beneficial mutation {unknown}
 G - a potion of ambrosia {unknown}
Books
 b - a book of Air

   Spells                             Type                      Level
   a - Shock                          Conjuration/Air              1
   b - Swiftness                      Charms/Air                   2
   c - Repel Missiles                 Charms/Air                   2
   d - Static Discharge               Conjuration/Air              3
   e - Lightning Bolt                 Conjuration/Air              5
Comestibles
 c - 2 bread rations
 f - 3 beef jerkies
 h - a royal jelly
 r - 2 slices of pizza
 v - 3 chunks of flesh
 w - 4 fruits


   Skills:
 * Level 1.5 Long Blades
 - Level 1.7 Dodging
 - Level 1.7 Stealth
 + Level 3.5 Spellcasting
 + Level 3.3 Conjurations
 + Level 4.6 Air Magic


You had 4 spell levels left.
You knew the following spells:

 Your Spells              Type           Power        Failure   Level  Hunger
a - Shock                 Conj/Air       ###.         2%          1    None
b - Swiftness             Chrm/Air       ##......     10%         2    ##.....
q - Static Discharge      Conj/Air       ###.....     10%         3    ###....
r - Repel Missiles        Chrm/Air       ##....       10%         2    ##.....


Dungeon Overview and Level Annotations

Branches:
Dungeon (4/15)
 Temple: D:4-7

Annotations:
D:4 Duvessa, Menkaure


Innate Abilities, Weirdness & Mutations

You have an increased reservoir of magic (+10% MP).
Your attributes are resistant to harm.


Message History

It is a scroll of recharging.
You aren't carrying any rechargeable items.
Duvessa hits you with a short sword. Duvessa barely misses you.
You take 4 damage.
Read which item? (? for menu, Esc to quit)
As you read the scroll labeled JUAFETOSTA, it crumbles to dust.
Forget which spell ([?*] list [ESC] exit)?
Forget which spell ([?*] list [ESC] exit)?
Okay, then.
It was a scroll of amnesia.
Duvessa hits you but does no damage.
Read which item? (? for menu, Esc to quit)
As you read the scroll labeled BIONWE VEIMNUXA, it crumbles to dust.
You hear a loud clanging noise!
It was a scroll of noise.
You hear a shout! x3
Duvessa hits you with a short sword!
* * * LOW HITPOINT WARNING * * *
You take 9 damage.
Duvessa closely misses you. Duvessa hits you with a short sword!
You die...

######## #....... ##....# ###
############@...#
...............e....##########
...####......................
###...........#O#.#....#######
..................###...######.
.. #...........................
...##...#####...######...###...
......#.####...## #####...####.
........##....##
##............#


You could see Duvessa (berserk) and an ogre.

Vanquished Creatures
  Blork the orc (D:3)
  Dowan (D:4)
  A centaur skeleton (D:4)
  An orc wizard (D:3)
  An orc priest (D:3)
  2 worker ants
  An iguana (D:3)
  A hound zombie (D:4)
  2 adders
  4 gnolls (D:3)
  3 oozes
  3 worms
  3 giant geckos
  6 orcs (D:3)
  6 bats
  3 giant cockroaches
  9 hobgoblins
  9 jackals
  2 quokkas
  A ball python (D:2)
  5 giant newts
  6 goblins
  10 kobolds
  6 rats
87 creatures vanquished.

Notes
Turn   | Place    | Note
--------------------------------------------------------------
     0 | D:1      | xeno23 the Demigod Air Elementalist began the quest for the Orb.
     0 | D:1      | Reached XP level 1. HP: 14/14 MP: 5/5
     6 | D:1      | Noticed a wyvern
     6 | D:1      | Noticed a crocodile
     7 | D:1      | Noticed a salamander
     7 | D:1      | Noticed a wolf
    22 | D:1      | Reached skill level 1 in Conjurations
   328 | D:1      | Reached XP level 2. HP: 20/20 MP: 5/7
   364 | D:1      | Reached skill level 3 in Air Magic
   639 | D:1      | Reached XP level 3. HP: 24/26 MP: 7/9
  1305 | D:2      | Found a snail-covered altar of Cheibriados.
  1788 | D:2      | Found a stormy altar of Qazlal.
  1875 | D:3      | Reached XP level 4. HP: 15/33 MP: 0/10
  2112 | D:3      | Noticed an orc warrior
  2190 | D:2      | Learned a level 2 spell: Swiftness
  2193 | D:2      | Learned a level 2 spell: Repel Missiles
  2197 | D:2      | Learned a level 3 spell: Static Discharge
  2456 | D:3      | Reached skill level 4 in Air Magic
  2456 | D:3      | Reached XP level 5. HP: 38/38 MP: 3/12
  2554 | D:3      | Found a glowing golden altar of the Shining One.
  2629 | D:3      | Found a glowing silver altar of Zin.
  2630 | D:3      | Noticed an angel
  2715 | D:3      | Found a deep blue altar of Sif Muna.
  2911 | D:4      | Noticed Blork the orc
  2916 | D:4      | Noticed Dowan
  2940 | D:3      | Killed Blork the orc
  2940 | D:3      | Reached XP level 6. HP: 21/45 MP: 9/14
  3097 | D:4      | Noticed Menkaure
  3140 | D:4      | Reached skill level 1 in Long Blades
  3169 | D:4      | Noticed an ogre
  3175 | D:4      | Noticed Duvessa
  3177 | D:4      | Killed Dowan
  3207 | D:4      | Slain by Duvessa

Action                   |  1- 3 |  4- 6 || total
-------------------------+-------+-------++-------
Melee: Unarmed           |    49 |       ||    49
       Short sword       |    40 |    27 ||    67
       Long sword        |       |    12 ||    12
 Fire: Blowgun           |       |    17 ||    17
 Cast: Shock             |    69 |    76 ||   145
       Repel Missiles    |       |     1 ||     1
       Swiftness         |       |     2 ||     2
       Static Discharge  |       |     1 ||     1
  Use: Scroll            |       |     4 ||     4
 Stab: Sleeping          |     4 |     3 ||     7
  Eat: Chunk             |     2 |     6 ||     8
